 Dungeon Crawl Stone Soup version 0.18.1-48-g4cf74bf (webtiles) character file.

1578 Skwishie the Gouger (level 8, -18/43 HPs)
             Began as a Felid Monk on Sept 8, 2016.
             Was a Follower of Ru.
             Demolished by an orc warrior
             ... wielding a +0 flail
              (22 damage)
             ... on level 7 of the Dungeon.
             The game lasted 00:41:39 (10983 turns).

Skwishie the Gouger (Felid Monk)                   Turns: 10983, Time: 00:41:39

Health: -18/43     AC:  2    Str:  7    XL:     8   Next: 60%
Magic:  9/9        EV: 20    Int: 12    God:    Ru [*.....]
Gold:   687        SH:  0    Dex: 21    Spells: 0 memorised, 7 levels left
                                        Lives:  0   Deaths: 2

rFire  . . .     SeeInvis +       - Unarmed
rCold  . . .     Gourm    .     (armour unavailable)
rNeg   . . .     Faith    .     (shield unavailable)
rPois  .         Spirit   .     (helmet unavailable)
rElec  .         Dismiss  .     (cloak unavailable)
rCorr  .         Reflect  .     (gloves unavailable)
SustAt .         Harm     .     (boots unavailable)
MR     +....                    j - amulet of regeneration
Stlth  ++........               (no ring)
                                b - ring of flight

@: confused, lethally poisoned (-18 -> -18), quick, somewhat resistant to
hostile enchantments, unstealthy
A: no armour, no weapons or thrown items, claws 1, fangs 3, see invisible,
carnivore 3, speed 1, shaggy fur 2, slow metabolism 1, unskilled 1, sharp paws
a: Renounce Religion, Evoke Flight


You were on level 7 of the Dungeon.
You worshipped Ru.
Ru was aware of your devotion.
You were full.

You visited 1 branch of the dungeon, and saw 7 of its levels.

You collected 687 gold pieces.

Inventory:

Jewellery
 b - a ring of flight (left paw)
 j - an amulet of regeneration (around neck)
Scrolls
 c - 6 scrolls of remove curse
 i - 2 scrolls of noise
 p - a scroll of blinking
Potions
 f - a potion of brilliance
 g - 2 potions of cancellation
 k - a potion of invisibility
 l - a potion of lignification
 m - a potion of resistance
 o - 3 potions of flight
 q - a potion of berserk rage
 r - a potion of ambrosia {unknown}
Comestibles
 a - 5 meat rations
 d - a beef jerky
 h - a slice of pizza


   Skills:
 + Level 10.0 Fighting
 - Level 3.6 Dodging
 - Level 3.6 Stealth
 - Level 10.0 Unarmed Combat


You had 7 spell levels left.
You didn't know any spells.

Dungeon Overview and Level Annotations

Branches:
Dungeon (7/15)             Temple (0/1) D:6

Altars:
Cheibriados
Dithmenos
Elyvilon
Gozag
Nemelex Xobeh
Okawaru
Ru
Zin
The Shining One

Shops:
D:2 *

Annotations:
D:7 Mesmaeker13's ghost, novice DgCj


Innate Abilities, Weirdness & Mutations

You cannot wear armour.
You are incapable of wielding weapons or throwing items.
You have sharp claws.
You have razor-sharp teeth.
You have supernaturally acute eyesight.
You are carnivorous and can eat meat at any time.
You cover ground quickly.
You are covered in thick fur (AC +2).
You have a slow metabolism.
You are somewhat unskilled (-1 Apt).
Your sharp claws are effective at attacking unaware monsters.


Message History

Mesmaeker13's ghost hits you!
You are poisoned.
You miss Mesmaeker13's ghost.
Mesmaeker13's ghost is heavily damaged.
You feel sick.
You miss Mesmaeker13's ghost. Your bite misses Mesmaeker13's ghost.
Mesmaeker13's ghost is heavily damaged.
You feel sick.
Mesmaeker13's ghost gestures at you while chanting.
The magic dart hits you!
You scratch Mesmaeker13's ghost.
Mesmaeker13's ghost is severely damaged.
Mesmaeker13's ghost gestures at you while chanting.
The spray of energy hits you!
* * * LOW HITPOINT WARNING * * *
You are confused.
An orc comes into view. It is wielding a club.
You feel sick. The orc warrior hits you with a flail!!
Ouch! That really hurt!
You die...

########## #.#.###**,*#.#
.........# #.#.#..,*,*#.#
.........########.#.#.#,*,*#.#
..†............##.#.#.#,*,*#.#
########W......##.#.#.#,*,*#.#
#.....##.......##.#.#.#,*,*#.#
#.....##.......##'#.#.#.#.##.#
#...............W.........##.#
#....(..........@...########.#
#................o...........###
#...................#..........#
#...................#.....###.##
#..........................##.#
#..................##########.#
...................o..........#
...................#########..#
...................# #..#


You could see an orc warrior, Mesmaeker13's ghost and an orc (wandering).

Vanquished Creatures
  Pikel (D:7)
  Prince Ribbit (D:7)
  A hungry ghost (D:6)
  Menkaure (D:7)
  A water moccasin (D:7)
  2 phantoms
  4 slaves
  An orc warrior (D:7)
  A sky beast (D:7)
  A black bear (D:7)
  An ice beast (D:7)
  3 centaurs
  4 ogres
  A crocodile (D:7)
  Blork the orc (D:5)
  4 giant frogs (D:7)
  A wyvern skeleton (D:6)
  2 scorpions
  6 killer bees (D:7)
  6 howler monkeys
  4 crimson imps
  2 centaur zombies (D:6)
  3 hounds (D:4)
  2 jellies (D:7)
  A centaur skeleton (D:5)
  A giant frog skeleton (D:6)
  4 orc priests
  Jessica (D:3)
  6 orc wizards
  5 iguanas
  6 worker ants
  3 hound skeletons
  A worker ant zombie (D:6)
  10 adders
  An ooze (D:5)
  An adder skeleton (D:6)
  3 worms
  2 dart slugs
  7 giant geckos
  32 orcs
  4 giant cockroaches
  7 goblins
  4 hobgoblins
  17 jackals
  A kobold (D:3)
  3 quokkas
  2 ball pythons
  5 bats
  4 giant newts
  A jackal skeleton (D:4)
  6 rats
192 creatures vanquished.

Notes
Turn   | Place    | Note
--------------------------------------------------------------
     0 | D:1      | Skwishie the Felid Monk began the quest for the Orb.
     0 | D:1      | Reached XP level 1. HP: 10/10 MP: 2/2
   609 | D:1      | Reached XP level 2. HP: 14/14 MP: 3/3
  1143 | D:2      | Found an opulent altar of Gozag.
  1146 | D:2      | Found Gozag's Platinum Reserve.
  1238 | D:2      | Reached skill level 5 in Unarmed Combat
  1238 | D:2      | Reached XP level 3. HP: 17/17 MP: 4/4
  2328 | D:3      | Noticed Jessica
  2345 | D:3      | Reached XP level 4. HP: 6/21 MP: 5/5
  2562 | D:3      | Killed Jessica
  2639 | D:3      | Reached XP level 5. HP: 13/24 MP: 6/6
  2861 | D:3      | Found a shadowy altar of Dithmenos.
  2862 | D:3      | Found an iron altar of Okawaru.
  3010 | D:3      | Found a snail-covered altar of Cheibriados.
  4095 | D:4      | Noticed an ogre
  4100 | D:4      | Killed an ogre
  4100 | D:4      | Gained mutation: You are covered in thick fur (AC +2). [Felid growth]
  4100 | D:4      | Reached XP level 6. HP: 28/28 MP: 7/7
  5345 | D:4      | Reached XP level 7. HP: 29/31 MP: 8/8
  5612 | D:4      | Found a sparkling altar of Nemelex Xobeh.
  5964 | D:5      | Entered Level 5 of the Dungeon
  6604 | D:5      | Reached skill level 10 in Unarmed Combat
  6604 | D:5      | Reached XP level 8. HP: 34/34 MP: 9/9
  6747 | D:5      | Noticed Blork the orc
  6753 | D:5      | Killed Blork the orc
  7587 | D:5      | Found a glowing silver altar of Zin.
  7587 | D:5      | Found a white marble altar of Elyvilon.
  7588 | D:5      | Found a glowing golden altar of the Shining One.
  7664 | D:5      | Reached skill level 5 in Fighting
  8059 | D:6      | Found a sacrificial altar of Ru.
  8064 | D:6      | Became a worshipper of Ru the Awakened
  8082 | D:6      | Gained mutation: You are somewhat unskilled (-1 Apt). [Ru sacrifice]
  8082 | D:6      | Reduced skill Fighting to level 5
  8082 | D:6      | Reached * piety under Ru
  8104 | D:6      | Found a white marble altar of Elyvilon.
  8224 | D:6      | Found a staircase to the Ecumenical Temple.
  8389 | D:6      | Reached XP level 9. HP: 26/41 MP: 10/10
  8625 | D:7      | Reached skill level 10 in Unarmed Combat
  8634 | D:7      | Noticed Pikel
  8864 | D:7      | Noticed Menkaure
  8881 | D:7      | Killed Menkaure
  9123 | D:7      | Noticed Mesmaeker13's ghost (novice DgCj)
  9132 | D:7      | Killed from afar by Mesmaeker13's ghost
  9133 | D:7      | Reached XP level 8. HP: -6/39 MP: 9/9
  9850 | D:7      | Reached XP level 9. HP: 43/45 MP: 10/10
 10314 | D:7      | Killed Pikel
 10418 | D:7      | Noticed Prince Ribbit
 10478 | D:7      | Found an opulent altar of Gozag.
 10556 | D:7      | Killed Prince Ribbit
 10665 | D:7      | Reached skill level 10 in Fighting
 10940 | D:7      | Killed from afar by Mesmaeker13's ghost
 10941 | D:7      | Reached XP level 8. HP: -2/43 MP: 9/9
 10983 | D:7      | Demolished by an orc warrior

Skill      XL: |  1  2  3  4  5  6  7  8  9 |
---------------+----------------------------+-----
Unarmed Combat | 5 6 7 8 10 9 10 | 10.0
Stealth        | 3 3 |  3.6
Fighting       | 8 10 | 10.0
Dodging        | 3 |  3.6

Action                   |  1- 3 |  4- 6 |  7- 9 || total
-------------------------+-------+-------+-------++-------
Melee: Unarmed           |   117 |   133 |   455 ||   705
       Bite              |     9 |    16 |    49 ||    74
       Punch             |     1 |     8 |    19 ||    28
Invok: Sacrifice Skill   |       |       |     1 ||     1
  Use: Scroll            |       |    12 |    12 ||    24
       Potion            |       |     1 |     3 ||     4
 Stab: Sleeping          |     5 |     7 |    17 ||    29
       Distracted        |     1 |     2 |     2 ||     5
       Invisible         |       |       |    10 ||    10
  Eat: Chunk             |    10 |     5 |    27 ||    42
Armor: Skin              |     3 |     5 |    21 ||    29
Dodge: Dodged            |    76 |    83 |   296 ||   455
